 Dungeon Crawl Stone Soup version 0.30-a0-311-gf115ab0292 (webtiles) character file.

Game seed: 10514649762692180277

190 IdlyInterested the Trooper (level 5, -2/64 HPs)
             Began as a Demonspawn Wanderer on Oct 25, 2022.
             Slain by a gnoll sergeant
             ... wielding a +0 spear of venom
              (3 damage)
             ... on level 5 of the Dungeon.
             The game lasted 00:06:46 (2099 turns).

IdlyInterested the Trooper (Demonspawn Wanderer)    Turns: 2099, Time: 00:06:46

Health: -2/64      AC:  5    Str: 10    XL:     5   Next: 41%
Magic:  6/6        EV: 10    Int: 15    God:
Gold:   128        SH:  0    Dex: 15    Spells: 5/6 levels left

rFire   . . .      SeeInvis .    a - +3 short sword
rCold   . . .      Faith    .    i - orb {*Rage}
rNeg    . . .      Spirit   .    d - +0 ring mail
rPois   .          Reflect  .    (no helmet)
rElec   .          Harm     .    (no cloak)
rCorr   .          Rampage  .    (no gloves)
Will    .....      Rage     20%  (no boots)
Stlth   ..........               m - amulet of magic regeneration
HPRegen 0.30/turn                (no ring)
MPRegen 0.50/turn                (no ring)

@: berserking, lethally poisoned (-2 -> -28), very quick
A: hooves 1
a: no special abilities


You were on level 5 of the Dungeon.
You visited 1 branch of the dungeon, and saw 4 of its levels.

You collected 128 gold pieces.

Inventory:

Hand Weapons
 a - a +3 short sword (weapon)
 f - a +2 short sword of speed
 j - a +0 long sword
Armour
 c - a +0 robe
 d - a +0 ring mail (worn)
 g - a +0 leather armour
 i - an orb of wrath (worn)
Jewellery
 m - an amulet of magic regeneration (around neck)
Scrolls
 l - 3 scrolls of immolation {unknown}
Potions
 b - 3 potions of might
 e - a potion of ambrosia {unknown}
 h - a potion of invisibility {unknown}
 k - a potion of curing
 n - a potion of attraction {unknown}


   Skills:
 * Level 4.3 Fighting
 - Level 3.6 Short Blades
 - Level 2.0 Armour
 * Level 1.0 Dodging
 - Level 2.0 Stealth
 - Level 1.0 Spellcasting
 - Level 3.0 Hexes


You had 5 spell levels left.
You knew the following spells:

 Your Spells              Type           Power      Damage    Failure   Level
a - Slow                  Hex            36%        N/A       19%         1

Your spell library contained the following spells:

 Spells                   Type           Power      Damage    Failure   Level
 Tukima's Dance           Hex            9%         N/A       47%         3
 Magic Dart               Conj           0%         1d3       52%         1
 Call Imp                 Summ           0%         N/A       67%         2
 Mephitic Cloud           Conj/Pois/Air  0%         N/A       88%         3
 Vhi's Electric Charge    Tloc/Air       0%         N/A       88%         3
 Arcjolt                  Conj/Air       0%         1d10      100%        5
 Maxwell's Capacitive Co  Air            0%         ∞         100%        8


Dungeon Overview and Level Annotations

Branches:
Dungeon (3/15)

Altars:


Innate Abilities, Weirdness & Mutations

You have large cloven feet.


Message History

The hound bites you.
The gnoll sergeant hits you from afar with a +0 spear of venom.
You are poisoned.
A red film seems to cover your vision as you go berserk!
You feel yourself moving faster!
You feel mighty!
You closely miss the hound.
The hound is almost dead.
You feel very sick. The hound completely misses you.
The gnoll sergeant closely misses you. The hound closely misses you.
You closely miss the hound.
The hound is almost dead.
You feel sick. The hound closely misses you.
The gnoll sergeant hits you from afar with a +0 spear of venom!
You are more poisoned.
You puncture the hound!
You kill the hound!
You feel very sick.
Your Dodging skill increases to level 1!
You feel very sick.
The gnoll sergeant hits you with a +0 spear of venom!
You are lethally poisoned!
You barely miss the gnoll sergeant.
* * * LOW HITPOINT WARNING * * *
You feel very sick.
You closely miss the gnoll sergeant.
* * * LOW HITPOINT WARNING * * *
You feel very sick.
The gnoll sergeant hits you with a +0 spear of venom.
* * * LOW HITPOINT WARNING * * *
You are more poisoned.
You hit the gnoll sergeant. You kick the gnoll sergeant!
The gnoll sergeant is heavily wounded.
* * * LOW HITPOINT WARNING * * *
You feel very sick.
You puncture the gnoll sergeant!
The gnoll sergeant is almost dead.
* * * LOW HITPOINT WARNING * * *
You feel very sick.
The gnoll sergeant hits you with a +0 spear of venom.
You die...

... g. .h ###.
#.. #g# #h# #g#
#@# #.# #.# #.#
#.########.#
#..........#
######.....######
.........##.#
###########.#


You could see a gnoll sergeant, a hound and a gnoll.

Vanquished Creatures
  A hound (D:5)
  An orc priest (D:3)
  Terence (D:2)
  An orc wizard (D:3)
  2 adders (D:2)
  2 worms (D:2)
  4 dart slugs
  An orc (D:3)
  6 bats
  4 endoplasms
  A giant cockroach (D:3)
  8 goblins
  2 hobgoblins
  A quokka (D:2)
  3 ball pythons (D:1)
  5 frilled lizards
  4 kobolds
  6 rats
53 creatures vanquished.

Notes
Turn   | Place    | Note
-------+----------+-------------------------------------------
     0 | D:1      | IdlyInterested the Demonspawn Wanderer began the quest for
                  | the Orb.
     0 | D:1      | IdlyInterested set off with the following items: a +3 short
                  | sword, a potion of might, a +0 robe; and the following
                  | spell memorised: Slow; and the following spells available
                  | to memorise: Tukima's Dance.
     0 | D:1      | Reached XP level 1. HP: 16/16 MP: 2/2
   124 | D:1      | Reached skill level 1 in Stealth
   181 | D:1      | Gained mutation: You have large cloven feet. [demonic
                  | ancestry]
   181 | D:1      | Reached XP level 2. HP: 20/23 MP: 3/3
   523 | D:1      | Reached XP level 3. HP: 28/28 MP: 4/4
   873 | D:2      | Found a faded altar of an unknown god.
   918 | D:2      | Reached skill level 3 in Fighting
   940 | D:2      | HP: 1/29 [worm (9)]
  1207 | D:2      | Noticed Terence
  1214 | D:2      | Reached skill level 1 in Armour
  1217 | D:2      | Killed Terence
  1218 | D:2      | Reached XP level 4. HP: 35/35 MP: 3/5
  1941 | D:3      | Reached skill level 4 in Fighting
  1941 | D:3      | Reached XP level 5. HP: 27/42 MP: 6/6
  2057 | D:3      | You fall into a shaft and drop 2 floors!
  2057 | D:5      | Entered Level 5 of the Dungeon
  2095 | D:5      | Reached skill level 1 in Dodging
  2099 | D:5      | HP: 1/64 [poisoned by a gnoll sergeant]
  2099 | D:5      | Slain by a gnoll sergeant

Illustrated notes

Levels and vault maps discovered:
D:1:      wheals_arrival_linesprint, layout_rooms
D:2:      layout_rooms, basic_ecumenical_altar, minmay_door_square,
          chequers_serial_rivers_large_b, feat_on_display, uniq_terence
D:3:      layout_basic, nicolae_kite_square_tiling_tiny, uniq_jessica
D:5:      layout_loops_ring, minmay_parallelograms, minivault_4,
          hangedman_abyss_or_decor_stabs

Skill      XL: |  1  2  3  4  5 |
---------------+----------------+-----
Stealth        | 1 2 |  2.0
Fighting       | 3 4 |  4.3
Armour         | 1 2 |  2.0
Dodging        | 1 |  1.0
Short Blades   | |  3.6
Spellcasting   | |  1.0
Hexes          | |  3.0

Action                   |  1- 3 |  4- 6 || total
-------------------------+-------+-------++-------
Melee: Short sword       |    78 |    43 ||   121
       Kick              |    11 |    15 ||    26
 Cast: Slow              |     2 |       ||     2
  Use: Scroll            |     3 |     1 ||     4
 Stab: Sleeping          |       |     1 ||     1
Armor: Ring mail         |    21 |    10 ||    31
Dodge: Dodged            |    28 |    14 ||    42

Table legend: (Time is in decaauts)
 A = Elapsed time spent in this place.
 B = Non-inter-level travel time spent in this place.
 C = Inter-level travel time spent in this place.
 D = Time resting spent in this place.
 E = Time spent auto-exploring this place.
 F = Levels seen in this place.
 G = Mean time per level.
                   A        B        C        D        E       F      G
               +--------+--------+--------+--------+--------+-----+--------+
         Total |   2183 |   1804 |    379 |    222 |   1051 |   4 |  545.8 |
       Dungeon |   2183 |   1804 |    379 |    222 |   1051 |   4 |  545.8 |
               +--------+--------+--------+--------+--------+-----+--------+

Top non-repeatable levels by time:
     D:1: 1007 daAuts
     D:2: 913 daAuts
     D:3: 224 daAuts
     D:5: 37 daAuts
